 Dungeon Crawl Stone Soup version 0.23-a0-171-g5ae17c6e89 (webtiles) character file.

70 Holzbalken the Cudgeler (level 4, -1/33 HPs)
             Began as a Demonspawn Gladiator on Sept 14, 2018.
             Slain by a jackal (2 damage)
             ... on level 2 of the Dungeon.
             The game lasted 00:05:01 (2244 turns).

Holzbalken the Cudgeler (Demonspawn Gladiator)      Turns: 2244, Time: 00:05:03

Health: -1/33      AC:  4    Str: 14    XL:     4   Next: 3%
Magic:  4/4        EV: 13    Int:  9    God:
Gold:   57         SH:  0    Dex: 16    Spells: 3/3 levels left

rFire    . . .     SeeInvis .   a - +0 flail
rCold    . . .     Gourm    .   (no shield)
rNeg     . . .     Faith    .   b - +0 leather armour
rPois    .         Spirit   .   c - +0 helmet
rElec    .         Reflect  .   (no cloak)
rCorr    .         Harm     .   (no gloves)
MR       .....                  (no boots)
Stlth    +.........             (no amulet)
HPRegen  0.11/turn              (no ring)
MPRegen  0.09/turn              (no ring)

@: hasted, very quick
A: claws 1, sturdy frame 2
a: no special abilities


You were on level 2 of the Dungeon.
You were not hungry.

You visited 1 branch of the dungeon, and saw 3 of its levels.

You collected 57 gold pieces.

Inventory:

Hand Weapons
 a - a +0 flail (weapon)
Missiles
 d - 3 throwing nets (quivered)
Armour
 b - a +0 leather armour (worn)
 c - a +0 helmet (worn)
 p - a +0 chain mail
Wands
 l - a wand of paralysis (10)
 m - a wand of random effects (37)
Scrolls
 e - a scroll of fog {unknown}
 h - a scroll of random uselessness {unknown}
 i - a scroll of remove curse {unknown}
 k - a scroll of immolation {unknown}
 o - a scroll of noise {unknown}
Comestibles
 f - 4 rations
 n - 4 chunks of flesh


   Skills:
 - Level 2.0 Fighting
 + Level 4.5 Maces & Flails
 - Level 1.7 Throwing
 - Level 2.6 Dodging


You had 3 spell levels left.
You didn't know any spells.
Your spell library was empty.

Dungeon Overview and Level Annotations

Branches:
Dungeon (3/15)

Altars:
Sif Muna


Innate Abilities, Weirdness & Mutations

You have sharp fingernails.
Your movements are less encumbered by armour. (ER -4)


Message History

The frilled lizard closely misses you.
The jackal bites you but does no damage.
The jackal completely misses you. The orc wizard barely misses you.
The jackal bites you.
* * * LOW HITPOINT WARNING * * *
It was a potion of haste.
You feel yourself speed up. The jackal barely misses you.
The jackal bites you but does no damage.
The jackal bites you.
* * * LOW HITPOINT WARNING * * *
The frilled lizard closely misses you. The orc wizard hits you with a dagger.
* * * LOW HITPOINT WARNING * * *
The jackal barely misses you. The jackal closely misses you.
You hit the orc wizard.
The orc wizard is lightly wounded.
The jackal bites you but does no damage.
The frilled lizard bites you.
* * * LOW HITPOINT WARNING * * *
The orc wizard barely misses you. The jackal bites you.
You die...

##.## #..###.# #.#
#..# #.# #.# ##..#
#.# ##'## #...# #.#
##...## #..## #.#
#.....## #..####.#
.......###..#.##.#
........##.....hh##
.)......'.....rl@o#
........##.#...##h#
.......###.##.###.#
#.....## #.....##.#
##...## #.###.##.#
##'## #.# #.##.#
#.######.###.##.#
###.##...#........#
.##.#.###.####.####


You could see an orc wizard, a quokka, 3 jackals and a frilled lizard.

Vanquished Creatures
  2 adders (D:2)
  A worm (D:2)
  A dart slug (D:1)
  A leopard gecko (D:2)
  2 orcs (D:2)
  A ball python (D:1)
  4 bats
  3 giant cockroaches
  5 hobgoblins
  4 frilled lizards
  7 goblins
  5 kobolds
  8 rats
44 creatures vanquished.

Notes
Turn   | Place    | Note
-------+----------+-------------------------------------------
     0 | D:1      | Holzbalken the Demonspawn Gladiator began the quest for the
                  | Orb.
     0 | D:1      | Reached XP level 1. HP: 16/16 MP: 1/1
    32 | D:1      | Reached skill level 3 in Maces & Flails
   149 | D:1      | Gained mutation: Your movements are slightly less
                  | encumbered by armour. (ER -2) [demonic ancestry]
   149 | D:1      | Reached XP level 2. HP: 22/22 MP: 2/2
   927 | D:2      | Gained mutation: You have sharp fingernails. [demonic
                  | ancestry]
   927 | D:2      | Reached XP level 3. HP: 26/27 MP: 3/3
   984 | D:2      | Reached skill level 4 in Maces & Flails
  1698 | D:2      | Found a deep blue altar of Sif Muna.
  2214 | D:2      | Gained mutation: Your movements are less encumbered by
                  | armour. (ER -4) [demonic ancestry]
  2214 | D:2      | Reached XP level 4. HP: 29/33 MP: 4/4
  2244 | D:2      | HP: 1/33 [frilled lizard (3)]
  2244 | D:2      | Slain by a jackal

Vault maps used:
D:1:      dpeg_arrival_line_fractal, corexii_corridor_pit
D:2:      lemuel_blue_sif_altar
D:3:      kennysheep_generic_room_9

Skill      XL: |  1  2  3 |
---------------+----------+-----
Maces & Flails | 3 4 |  4.5
Fighting       | |  2.0
Throwing       | |  1.7
Dodging        | |  2.6

Action                   |  1- 3 |  4- 6 || total
-------------------------+-------+-------++-------
Melee: Flail             |   157 |     7 ||   164
  Use: Potion            |       |     2 ||     2
  Eat: Chunk             |     4 |       ||     4
Armor: Leather armour    |    54 |     9 ||    63
Dodge: Dodged            |   152 |    45 ||   197

Table legend:
 A = Non-vault XP
 B = Vault XP
 C = Vault XP percentage of total XP
 D = Non-vault monster count
 E = Vault monster count
 F = Vault count percentage of total count
                 A         B        C        D         E       F
            +---------+---------+-------+---------+---------+-------
      Total |     100 |       0 |   0.0 |      44 |       0 |   0.0
            +---------+---------+-------+---------+---------+-------
        D:1 |      35 |       0 |   0.0 |      23 |       0 |   0.0
        D:2 |      65 |       0 |   0.0 |      21 |       0 |   0.0
            +---------+---------+-------+---------+---------+-------
